 Dungeon Crawl Stone Soup version 0.31-a0-1070-g7e96135 (webtiles) character file.

Game seed: 13009962519833241511

211584 UncleanOne the Wrestler (level 18, -3/199 HPs)
             Began as a Merfolk Shapeshifter on Nov 25, 2023.
             Was an Initiate of Gozag.
             Slain by a tentacle (10 damage)
             ... attached to a kraken simulacrum
             ... on level 4 of the Shoals.
             The game lasted 00:43:47 (27414 turns).

UncleanOne the Wrestler (Merfolk Shapeshifter)     Turns: 27414, Time: 00:43:48

Health: -3/199     AC: 15    Str: 34    XL:     18   Next: 89%
Magic:  18/18      EV: 15    Int: 10    God:    Gozag
Gold:   707        SH:  0    Dex: 15    Spells: 17/17 levels left

rFire   + .          .
                       - Unarmed
rCold   . . .        (shield currently unavailable)
rNeg    + + .        t - melded +1 shadow dragon scales
rPois   +            a - melded +2 helmet
rElec   +            u - melded scarf {rC+ rF+}
rCorr   +            (gloves currently unavailable)
SInv    .            l - melded +0 pair of boots
Will    +....        V - amulet "Zuat" {Rampage Regen+ rCorr Str+3} Stlth
                     L - ring "Woepifin" {Fire rElec rPois rN++ Stlth-}
HPRegen 1.33/turn    W - ring "Loeh" {rC+ rCorr Str+6 Slay+3}
MPRegen 0.16/turn

%: rampage
@: snake-form, gold aura, mesmerised, slowed, studying Shapeshifting, very slow
A: constrict, boosted hp, large, (nimble swimmer 2), (mertail)
}: 1/15 runes: gossamer
a: Begin Untransformation, Renounce Religion, Potion Petition, Call Merchant,
Bribe Branch


You were on level 4 of the Shoals.
You worshipped Gozag.
Gozag was pleased with you.
You were an enormous anaconda.
You visited 5 branches of the dungeon, and saw 30 of its levels.
You visited 1 bazaar.
You also visited: Bailey.

You collected 11293 gold pieces.
You spent 3594 gold pieces at shops.
You paid 6992 gold pieces to Gozag.

Inventory:

Missiles
 d - 4 throwing nets
 r - 41 poisoned darts
 x - 9 curare-tipped darts
Armour
 a - a +2 helmet (melded)
 l - a +0 pair of boots (melded)
 t - +1 shadow dragon scales (melded)
 u - a scarf of resistance (melded)
Jewellery
 C - a ring of protection from cold
 L - the ring "Woepifin" (left hand) {Fire rElec rPois rN++ Stlth-}
   (You bought it in a shop on level 10 of the Dungeon)

   [ring of fire]

   Fire:      It enhances your fire magic.
   rF+:       It protects you from fire.
   rC-:       It makes you vulnerable to cold.
   rElec:     It insulates you from electricity.
   rPois:     It protects you from poison rN++: It greatly protects you from
   negative energy.
   Stlth-:    It makes you less stealthy.
 V - the amulet "Zuat" (around neck) {Rampage Regen+ rCorr Str+3}
   (You bought it in a shop on level 1 of the Shoals)

   [amulet of regeneration]

   Str+3:     It affects your strength (+3).
   Regen+:    It increases your rate of health regeneration.
   rCorr:     It protects you from acid and corrosion.
   Rampage:   It bestows one free step when moving towards enemies.
 W - the ring "Loeh" (right hand) {rC+ rCorr Str+6 Slay+3}
   (You bought it in a shop on level 2 of the Shoals)

   [ring of strength]

   Str+6:     It affects your strength (+6).
   Slay+3:    It affects your accuracy & damage with ranged weapons and melee
   (+3).
   rC+:       It protects you from cold.
   rCorr:     It protects you from acid and corrosion.
Talismans
 s - a serpent talisman (active)
Wands
 b - a wand of flame (21)
 q - a wand of acid (12)
 v - a wand of mindburst (23)
 w - a wand of digging (25)
 y - a wand of polymorph (8)
 z - a wand of iceblast (17)
 P - a wand of paralysis (24)
Scrolls
 e - 17 scrolls of teleportation
 f - a scroll of fear
 g - 5 scrolls of vulnerability
 j - 6 scrolls of immolation
 p - 3 scrolls of fog
 A - 10 scrolls of blinking
 E - 2 scrolls of enchant armour
 J - 2 scrolls of revelation
 O - 5 scrolls of identify
 Q - 3 scrolls of poison
 R - a scroll of butterflies
 S - 2 scrolls of amnesia
 T - 2 scrolls of silence
 U - 3 scrolls of enchant weapon
Potions
 c - 3 potions of magic
 i - 3 potions of resistance
 k - 7 potions of curing
 m - 3 potions of haste
 n - 6 potions of might
 o - 6 potions of heal wounds
 B - 4 potions of attraction
 D - 7 potions of brilliance
 F - 11 potions of mutation
 G - 5 potions of ambrosia
 H - 3 potions of cancellation
 I - 4 potions of invisibility
 K - 4 potions of berserk rage
 N - a potion of enlightenment
Miscellaneous
 M - a lightning rod (4/4)


   Skills:
 + Level 21.3 Fighting
 - Level 11.5 Dodging
 + Level 24.1 Unarmed Combat
 - Level 19.0 Shapeshifting


You had 17 spell levels left.
You didn't know any spells.
Your spell library contained the following spells:

 Spells                   Type           Power      Damage    Failure   Level
 Apportation              Tloc           0%         N/A       36%         1
 Sandblast                Erth           0%         2d4       36%         1
 Slow                     Hex            0%         N/A       36%         1
 Summon Small Mammal      Summ           0%         N/A       36%         1
 Blink                    Tloc           0%         N/A       50%         2
 Cigotuvi's Dreadful Rot  Necr/Pois/Air  0%         N/A       50%         2
 Ensorcelled Hibernation  Hex/Ice        0%         N/A       50%         2
 Jinxbite                 Hex            0%         N/A       50%         2
 Passwall                 Tmut/Erth      0%         N/A       50%         2
 Call Canine Familiar     Summ           0%         N/A       75%         3
 Confusing Touch          Hex            0%         N/A       75%         3
 Frozen Ramparts          Ice            0%         1d1       75%         3
 Ignite Poison            Fire/Tmut/Pois 0%         N/A       75%         3
 Ozocubu's Armour         Ice            0%         N/A       75%         3
 Sigil of Binding         Hex            0%         N/A       75%         3
 Stone Arrow              Conj/Erth      0%         3d7       75%         3
 Summon Guardian Golem    Hex/Summ       0%         N/A       75%         3
 Swiftness                Air            0%         N/A       75%         3
 Tukima's Dance           Hex            0%         N/A       75%         3
 Vampiric Draining        Necr           0%         2d6       75%         3
 Volatile Blastmotes      Fire/Tloc      0%         2d10      75%         3
 Brom's Barrelling Bould  Conj/Erth      0%         2d3       98%         4
 Fulminant Prism          Conj/Hex       0%         3d5       98%         4
 Iskenderun's Mystic Bla  Conj/Tloc      0%         2d3       98%         4
 Manifold Assault         Tloc           0%         N/A       98%         4
 Passage of Golubria      Tloc           0%         N/A       98%         4
 Petrify                  Tmut/Erth      0%         N/A       98%         4
 Summon Ice Beast         Ice/Summ       0%         N/A       98%         4
 Alistair's Intoxication  Tmut/Pois      0%         N/A       100%        5
 Borgnjor's Vile Clutch   Necr/Erth      0%         N/A       100%        5
 Freezing Cloud           Conj/Ice/Air   0%         6-21      100%        5
 Iskenderun's Battlesphe  Conj           0%         2d6       100%        5
 Metabolic Englaciation   Hex/Ice        0%         N/A       100%        5
 Yara's Violent Unravell  Hex/Tmut       0%         3d3       100%        5
 Bombard                  Conj/Erth      0%         9d1       100%        6
 Death Channel            Necr           0%         N/A       100%        6
 Eringya's Noxious Bog    Tmut/Pois      0%         4d6       100%        6
 Haunt                    Necr/Summ      0%         N/A       100%        7
 Ozocubu's Refrigeration  Ice            0%         4d7       100%        7
 Spellforged Servitor     Conj/Summ      0%         N/A       100%        7
 Polar Vortex             Ice            0%         N/A       100%        9
 Animate Dead             Necr           Unusable   N/A       N/A         4
 Simulacrum               Ice/Necr       Unusable   N/A       N/A         6

Dungeon Overview and Level Annotations

Branches:
Dungeon (15/15)            Temple (0/1) D:5            Lair (5/5) D:10
 Shoals (4/4) Lair:3       Spider (4/4) Lair:2        Slime (0/5) Lair:4
    Orc (2/2) D:10            Elf (0/3) Orc:2        Vaults (0/5) D:14
 Depths (0/4) D:15         Bailey (visited)

Altars:
Ashenzari
Dithmenos
Elyvilon
Gozag
Makhleb
Qazlal
Uskayaw
Wu Jian
Jiyva

Shops:
D:2 (   D:10 =**   D:11 *?   D:15 [   Orc:1 *   Orc:2 ((:*   Lair:1 *
Shoals:1 ?=   Shoals:2 !((=

Annotations:
D:15 exclusion: obsidian statue
Lair:5 exclusion: obsidian statue
Shoals:1 3 runed translucent doors


Innate Abilities, Weirdness & Mutations

You are an enormous anaconda.
You have a powerful constriction melee attack.
Your maximum health is increased.
Your armour is entirely melded.
You are incapable of wielding weapons or throwing items.
((You are very nimble when in or above water. (Stealth+, EV+, Speed+++)))
((Your lower body shifts to a powerful aquatic tail in water.))


Message History

The javelin pierces through the tentacle segment!!
The tentacle segment bites you but does no damage.
The tentacle completely misses you. The tentacle barely misses you.
The tentacle slaps you but does no damage.
The merfolk avatar is distracted by your dazzling golden aura.
A tentacle segment comes into view.
Blink to where?
Press: ? - help, Q - select action, (/) - cycle Dir - move target
Okay, then.
Unknown command.
Unknown command.
Unknown command.
Read: 2 scrolls of fear
Press: ? - help, Q - select action, (/) - cycle Dir - look around, f - activate
As you read the scroll of fear, it crumbles to dust.
You assume a fearsome visage.
The merfolk javelineer looks frightened!
The merfolk avatar resists with almost no effort.
The tentacle is unaffected.
The tentacle segment is unaffected.
The kraken simulacrum is unaffected.
The tentacle is unaffected.
The tentacle segment is unaffected. x2
The tentacle is unaffected.
The tentacle is unaffected.
The tentacle segment is unaffected. x8
You constrict the merfolk javelineer.
You feel sick.
You are no longer poisoned.
The merfolk avatar is no longer distracted by gold.
The tentacle slaps you. The tentacle freezes you!!
You feel yourself slow down.
* * * LOW HITPOINT WARNING * * *
The tentacle slaps you.
* * * LOW HITPOINT WARNING * * *
The tentacle freezes you!!
You feel as though you will be slow longer.
* * * LOW HITPOINT WARNING * * *
The merfolk javelineer is distracted by your dazzling golden aura.
The tentacle barely misses you.
The tentacle segment closely misses you.
The merfolk avatar chants its luring song.
The tentacle slaps you!
You die...
Your body crumbles into a pile of gold.

≈≈≈≈≈≈≈≈≈≈≈≈≈≈≈≈≈≈≈≈≈≈≈≈
≈≈≈≈≈≈≈≈≈≈≈≈≈≈≈≈≈≈≈≈≈≈≈≈≈≈
≈≈≈≈≈≈≈≈~....~~~~≈≈≈≈≈≈≈≈≈
≈≈≈≈≈≈~........P~P≈≈≈≈≈≈≈≈
≈≈≈≈~.......(...P~~≈≈≈≈≈≈≈
≈≈~~....###.##...PP≈≈≈≈≈≈≈
~~.....$#######..~P≈≈≈≈≈≈≈
~.....##$mw#~.##..P≈≈≈≈≈≈≈
...... #wSm≈─..##.~≈≈≈≈≈≈≈
...... #w\#Λ#*w#~~P≈≈≈≈≈≈≈
~.....~###≈V *Z
#~~PP≈≈≈≈≈≈ .....~###│#Λ
*###~PP≈≈≈≈≈≈
....~~~#..V≈V .##~PPPP~≈≈≈
, #~~~~~##.#
#.###~P~~~~~≈≈
#~~~~~~#######.~~~~~~~~~≈
#~~~~~~####~##.))P~~~~~~≈
##~~~~~~~~~~~...).~~P~~~~≈


You could see a merfolk avatar (mesmerising), a merfolk javelineer (fleeing), 4
tentacles and a kraken simulacrum.

Vanquished Creatures
  Jorgrun (D:12)
  Rupert (Lair:5)
  Polyphemus (Shoals:3)
  2 emperor scorpions (Spider:4)
  A ghost moth (Spider:1)
  A broodmother (Spider:4)
  An orc warlord (Bailey)
  A stone giant (Shoals:3)
  2 dire elephants (Lair:5)
  4 spark wasps
  11 merfolk impalers
  2 ettins
  2 merfolk javelineers
  3 entropy weavers (Spider:2)
  A hydra (Lair:5)
  A merfolk avatar (Shoals:4)
  A catoblepas (Shoals:3)
  3 ogre magi
  An alligator snapping turtle (Shoals:3)
  2 merfolk aquamancers (Shoals:4)
  4 centaur warriors
  2 radroaches
  6 boulder beetles
  5 satyrs
  15 two-headed ogres
  2 tengu warriors (D:14)
  3 occultists
  7 death yaks
  9 demonic crawlers
  5 pharaoh ants
  5 sun moths
  A fire crab (shapeshifter) (D:13)
  A spectral death yak (Lair:5)
  2 deep trolls (Orc:2)
  9 orb spiders
  A spectral anaconda (Lair:5)
  Lodul (D:12)
  12 sea snakes
  2 arcanists
  21 harpies
  7 steelbarb worms
  A deep elf zephyrmancer (D:14)
  5 necromancers
  20 fauns
  2 deep elf pyromancers
  22 wolf spiders
  6 orc knights
  3 moths of wrath
  14 elephants (Lair:5)
  An ugly thing (D:12)
  7 manticores
  10 cyclopes
  A black mamba (shapeshifter) (D:13)
  6 merfolk sirens
  2 dire elephant zombies (Lair:5)
  9 torpor snails
  A guardian serpent (shapeshifter) (D:15)
  4 water nymphs
  4 black mambas
  A gargoyle (D:12)
  A dire elephant skeleton (Lair:5)
  15 cane toads
  2 large abominations (D:13)
  A komodo dragon (shapeshifter) (D:13)
  An unseen horror (D:10)
  2 rime drakes
  An efreet (D:15)
  7 komodo dragons
  4 tengu conjurers
  19 merfolk
  36 tarantellas
  4 wind drakes
  14 trolls
  4 polar bears
  9 meliai
  A hornet (D:9)
  Grinder (D:6)
  4 snapping turtles
  A spectral elephant (Lair:5)
  19 blink frogs
  2 dream sheep (Shoals:3)
  18 jumping spiders
  2 wraiths
  A vampire (D:7)
  A dire elephant simulacrum (Lair:5)
  4 shadows
  20 slime creatures
  22 culicivoras
  2 wyverns
  39 yaks
  47 redbacks
  6 basilisks
  A vampire mosquito (D:7)
  3 steam dragons
  A spectral cane toad (Lair:5)
  A warg (Orc:1)
  21 water moccasins
  3 ice beasts
  A black bear (shapeshifter) (D:15)
  26 orc warriors
  3 sky beasts (D:7)
  4 black bears
  An elephant zombie (Lair:5)
  31 ogres
  9 centaurs
  10 wolves
  5 kobold brigands
  17 bullfrogs
  10 scorpions
  A gnoll sergeant (D:7)
  2 cane toad simulacra (Lair:5)
  9 wights
  10 killer bees
  An elephant simulacrum (Lair:5)
  An electric eel (Spider:1)
  4 howler monkeys
  A wyvern simulacrum (D:9)
  8 hounds
  16 orc priests
  A jelly (Lair:4)
  2 gnoll boudas
  A sleepcap (D:6)
  7 iguanas
  Ijyb (D:4)
  26 orc wizards
  Robin (D:2)
  9 gnolls
  14 adders
  2 white imps
  A howler monkey simulacrum (D:9)
  An ufetubus (D:9)
  3 worms
  A dart slug (D:5)
  55 orcs
  7 ball pythons
  5 bats
  8 endoplasms
  2 giant cockroaches
  19 goblins
  20 hobgoblins
  2 quokkas (D:4)
  3 frilled lizards
  19 kobolds
  3 rats
  A butterfly (Lair:5)
1005 creatures vanquished.

Vanquished Creatures (others)
  A yak (Lair:3)
  A human (D:13)
2 creatures vanquished.

Grand Total: 1007 creatures vanquished

Notes
Turn   | Place    | Note
-------+----------+-------------------------------------------
     0 | D:1      | UncleanOne the Merfolk Shapeshifter began the quest for the
                  | Orb.
     0 | D:1      | Reached XP level 1. HP: 15/15 MP: 1/1
   157 | D:1      | Reached XP level 2. HP: 22/22 MP: 2/2
   659 | D:2      | Reached XP level 3. HP: 27/27 MP: 3/3
   675 | D:2      | Reached skill level 4 in Unarmed Combat
   690 | D:2      | Noticed Robin
   772 | D:2      | Killed Robin
   854 | D:2      | Found Podexoca's Antique Weapon Shop.
   934 | D:2      | Reached XP level 4. HP: 35/35 MP: 4/4
  1010 | D:2      | Identified the +2 scale mail of Sexeath {Harm Will- Regen+
                  | rCorr}
  1637 | D:2      | Reached XP level 5. HP: 23/41 MP: 5/5
  1837 | D:3      | Reached skill level 5 in Unarmed Combat
  2160 | D:3      | Found an opulent altar of Gozag.
  2179 | D:3      | Became a worshipper of Gozag Ym Sagoz the Greedy
  2542 | D:4      | Reached XP level 6. HP: 32/48 MP: 6/6
  2719 | D:4      | Reached skill level 5 in Shapeshifting
  2828 | D:4      | Noticed Ijyb
  2836 | D:4      | Killed Ijyb
  2837 | D:4      | Reached XP level 7. HP: 43/53 MP: 7/7
  3046 | D:5      | Entered Level 5 of the Dungeon
  3151 | D:5      | Found a staircase to the Ecumenical Temple.
  3491 | D:5      | Reached XP level 8. HP: 24/60 MP: 8/8
  3813 | D:6      | Reached skill level 10 in Shapeshifting
  3909 | D:6      | Reached skill level 6 in Unarmed Combat
  4037 | D:6      | Found a broken altar of Ashenzari.
  4126 | D:6      | Reached skill level 5 in Fighting
  4126 | D:6      | Reached skill level 7 in Unarmed Combat
  4148 | D:6      | Noticed Grinder
  4150 | D:6      | Reached XP level 9. HP: 68/68 MP: 9/9
  4156 | D:6      | Killed Grinder
  4157 | D:6      | Reached skill level 8 in Unarmed Combat
  4588 | D:7      | Found a white marble altar of Elyvilon.
  4670 | D:7      | Found a hide-covered altar of Uskayaw.
  4743 | D:7      | Identified the amulet of Gacib {RegenMP rCorr SInv}
  4756 | D:7      | Reached skill level 9 in Unarmed Combat
  4763 | D:7      | Noticed a deep elf pyromancer
  4771 | D:7      | Killed a deep elf pyromancer
  4772 | D:7      | Reached skill level 10 in Unarmed Combat
  4776 | D:7      | Noticed a cyclops
  4785 | D:7      | Noticed a two-headed ogre
  4792 | D:7      | Reached XP level 10. HP: 47/79 MP: 10/10
  4899 | D:7      | Killed a cyclops
  4900 | D:7      | Reached skill level 11 in Unarmed Combat
  5108 | D:7      | Reached skill level 12 in Unarmed Combat
  5500 | D:7      | Killed a two-headed ogre
  5796 | D:7      | Found an ornate altar of the Wu Jian Council.
  5932 | D:7      | Reached skill level 13 in Unarmed Combat
  6053 | D:8      | Reached XP level 11. HP: 89/89 MP: 11/11
  6057 | D:8      | You fall into a shaft and drop 1 floor!
  6074 | D:9      | Found a stormy altar of Qazlal.
  6185 | D:9      | Found a flagged portal.
  6194 | Bailey   | Entered a bailey
  6261 | Bailey   | Noticed an orc knight
  6285 | Bailey   | Killed an orc knight
  6319 | Bailey   | Noticed an orc knight
  6323 | Bailey   | Reached skill level 10 in Fighting
  6332 | Bailey   | Killed an orc knight
  6359 | Bailey   | Reached skill level 14 in Unarmed Combat
  6431 | Bailey   | Noticed an orc knight
  6447 | Bailey   | Killed an orc knight
  6448 | Bailey   | Noticed an orc warlord
  6587 | Bailey   | Killed an orc warlord
  6630 | Bailey   | Identified the +2 hand axe of Dissolution {venom, Int+2
                  | SInv}
  6639 | Bailey   | Reached XP level 12. HP: 99/99 MP: 12/12
  6742 | D:9      | Noticed a death yak
  6769 | D:9      | Found a burning altar of Makhleb.
  7331 | D:10     | Entered Level 10 of the Dungeon
  7331 | D:10     | Found Cxzohaast's Commerce Corner.
  7334 | D:10     | Bought a potion of curing for 48 gold pieces
  7334 | D:10     | Bought a potion of cancellation for 128 gold pieces
  7346 | D:10     | Bought a scroll of identify for 36 gold pieces
  7346 | D:10     | Bought a potion of berserk rage for 90 gold pieces
  7467 | D:10     | Found a staircase to the Orcish Mines.
  7602 | D:10     | Found a staircase to the Lair.
  7719 | D:10     | Reached skill level 15 in Unarmed Combat
  7833 | D:10     | Killed a death yak
  8040 | D:11     | Noticed a boulder beetle
  8051 | D:10     | Killed a boulder beetle
  8119 | D:10     | Bought the ring "Woepifin" {Fire rElec rPois rN++ Stlth-}
                  | for 575 gold pieces
  8194 | Orc:1    | Entered Level 1 of the Orcish Mines
  8230 | Orc:1    | Reached XP level 13. HP: 106/106 MP: 13/13
  8317 | Orc:2    | Entered Level 2 of the Orcish Mines
  8578 | Orc:1    | Found Fiethrol's Gadget Gallery.
  8725 | Orc:2    | Found Sepin's Weapon Shop.
  8726 | Orc:2    | Noticed an ettin
  8737 | Orc:2    | Reached skill level 16 in Unarmed Combat
  8744 | Orc:2    | Killed an ettin
  8983 | Orc:2    | Reached skill level 17 in Unarmed Combat
  9027 | Orc:2    | Found Vitzinul's Assorted Antiques.
  9189 | Orc:2    | Found Rimot's Book Emporium.
  9195 | Orc:2    | Paralysed by an ogre mage for 2 turns
  9222 | Orc:2    | Bought a potion of might for 108 gold pieces
  9251 | Orc:2    | Found Vuunle's Antique Weapon Shoppe.
  9562 | Orc:2    | Found a staircase to the Elven Halls.
  9694 | Lair:1   | Entered Level 1 of the Lair of Beasts
  9697 | Lair:1   | Bought a scroll of blinking for 97 gold pieces
  9697 | Lair:1   | Bought 2 scrolls of teleportation for 78 gold pieces
  9697 | Lair:1   | Bought a potion of mutation for 104 gold pieces
 10271 | Lair:1   | Reached XP level 14. HP: 97/118 MP: 14/14
 10557 | Lair:2   | Identified a scroll of acquirement
 10557 | Lair:2   | Acquired a manual of Shapeshifting
 10575 | Lair:2   | Found a hole to the Spider Nest.
 11297 | Lair:3   | Reached skill level 15 in Shapeshifting
 11600 | Lair:3   | Found a staircase to the Shoals.
 11875 | Lair:4   | Found a viscous altar of Jiyva.
 11879 | Lair:4   | Found a staircase to the Slime Pits.
 12406 | Lair:5   | Entered Level 5 of the Lair of Beasts
 12928 | Lair:5   | Reached skill level 18 in Unarmed Combat
 13168 | Lair:5   | Noticed Rupert
 13173 | Lair:5   | Killed Rupert
 13174 | Lair:5   | Reached XP level 15. HP: 125/125 MP: 15/15
 14193 | D:11     | Bought a potion of heal wounds for 185 gold pieces
 14195 | D:11     | Bought a scroll of blinking for 90 gold pieces
 14468 | D:11     | Bought a scroll of butterflies for 48 gold pieces
 14468 | D:11     | Bought a scroll of fear for 48 gold pieces
 14662 | D:11     | Reached skill level 19 in Unarmed Combat
 15010 | D:12     | Noticed Jorgrun
 15021 | D:12     | Killed Jorgrun
 15160 | D:12     | Reached skill level 15 in Fighting
 15491 | D:12     | Noticed Lodul
 15500 | D:12     | Killed Lodul
 16177 | D:13     | Identified the +0 pair of boots of Divine the Leaf {rElec
                  | rF- rCorr}
 16893 | D:14     | Reached XP level 16. HP: 78/138 MP: 16/16
 17052 | D:14     | Reached skill level 20 in Unarmed Combat
 17426 | D:14     | Found a gate to the Vaults.
 17509 | D:15     | Entered Level 15 of the Dungeon
 17641 | D:15     | Found a staircase to the Depths.
 18144 | D:15     | Found a shadowy altar of Dithmenos.
 18743 | Spider:1 | Entered Level 1 of the Spider Nest
 19891 | Spider:2 | Reached skill level 21 in Unarmed Combat
 21246 | Spider:3 | Reached XP level 17. HP: 142/149 MP: 17/17
 21836 | Spider:3 | Identified the +0 scale mail "Saho" {rPois rN+ Int+2
                  | Slay-2}
 22262 | Spider:4 | Entered Level 4 of the Spider Nest
 22321 | Spider:4 | Reached skill level 22 in Unarmed Combat
 22914 | Spider:4 | Got a gossamer rune of Zot
 23581 | Shoals:1 | Entered Level 1 of the Shoals
 23584 | Shoals:1 | Bought the amulet "Zuat" {Rampage Regen+ rCorr Str+3} for
                  | 586 gold pieces
 23787 | Shoals:1 | Found a runed translucent gate.
 23787 | Shoals:1 | Found a runed translucent gate.
 23787 | Shoals:1 | Found a runed translucent gate.
 24055 | Shoals:1 | Found Darhull's Magic Scroll Boutique.
 24062 | Shoals:1 | Found a frozen archway.
 24129 | Shoals:2 | Identified the +9 chain mail "Ratumpah" {Contam rElec SInv
                  | Stlth+}
 24180 | Shoals:2 | Found a flickering gateway to a bazaar.
 24228 | Shoals:2 | Found Qaiss's Distillery.
 24266 | Shoals:2 | Reached XP level 18. HP: 162/162 MP: 18/18
 24276 | Bazaar   | Entered a bazaar
 24308 | Bazaar   | Found Bonu's Weapon Shoppe.
 24308 | Bazaar   | Found Zelemur's Antique Armour Emporium.
 24330 | Bazaar   | Found Pacwiohy's Antique Weapon Shoppe.
 24346 | Bazaar   | Found Uddeq's Antique Armour Shoppe.
 24442 | Shoals:2 | Bought a potion of heal wounds for 75 gold pieces
 24442 | Shoals:2 | Bought a potion of might for 60 gold pieces
 24442 | Shoals:2 | Bought a potion of invisibility for 120 gold pieces
 24442 | Shoals:2 | Bought a potion of mutation for 120 gold pieces
 24534 | Shoals:2 | Found Gigiz's Weapon Shop.
 24538 | Shoals:2 | Reached skill level 23 in Unarmed Combat
 24627 | Shoals:2 | Found Otij's Jewellery Emporium.
 24809 | Shoals:1 | Bought a scroll of blinking for 112 gold pieces
 24873 | Shoals:2 | Found Bewkey's Weapon Emporium.
 25450 | Shoals:3 | Noticed Polyphemus
 25738 | Shoals:2 | Bought the ring "Loeh" {rC+ rCorr Str+6 Slay+3} for 886
                  | gold pieces
 26097 | Shoals:3 | Killed Polyphemus
 26696 | Shoals:4 | Entered Level 4 of the Shoals
 26774 | Shoals:4 | Got the Secrets of Grounded Generation
 27047 | Shoals:4 | Reached skill level 24 in Unarmed Combat
 27414 | Shoals:4 | HP: 7/199 [tentacle[a kraken simulacrum] (29)]
 27414 | Shoals:4 | Slain by a tentacle

Illustrated notes

Levels and vault maps discovered:
D:1:      orjb1_clovarrival, layout_basic
D:2:      layout_basic, serial_shops, nicolae_shop_behind_doors,
          kennysheep_generic_room_9, uniq_robin
D:3:      layout_loops_ring, mainiacjoe_overflow_surrounded_room
D:4:      layout_cave_pools, minmay_a_box_with_orc_wizards_in_it, uniq_ijyb
D:5:      layout_basic, minmay_temple_entry_mist
D:6:      layout_loops_ring, mainiacjoe_overflow_small_starburst, uniq_grinder
D:7:      minmay_the_grid_octo_tiled_squarecenter
          [minmay_the_grid_octo_fan_narrow, minmay_the_grid_octo_horde,
          minmay_the_grid_octo_clover_2, minmay_the_grid_octo_concentric,
          minmay_the_grid_square_5x5_megaprize_checkered,
          minmay_the_grid_square_5x5_eight_small,
          minmay_the_grid_square_5x5_hollow_slash,
          minmay_the_grid_square_5x5_shuriken,
          minmay_the_grid_square_5x5_inner_i], layout_loops_ring,
          nicolae_wu_jian_glorious_leap, nicolae_overflow_crystal_walls,
          nicolae_uskayaw_murder_on_the_dancefloor,
          kennysheep_opposing_triangles
D:8:      layout_basic, serial_curves, eino_curves_04, eino_curves_04,
          nicolae_phantomly_mirrored
D:9:      layout_irregular_city, mainiacjoe_overflow_catwalk_spiral,
          enter_bailey_2, serial_ice, serial_ice_d, serial_ice_e, serial_ice_g,
          serial_ice_n
D:10:     layout_irregular_city, lair_entry_dummy, orc_0_dummy,
          nicolae_alphabet_shops
D:11:     layout_long_grid
D:12:     layout_rooms, uniq_jorgrun, uniq_lodul
D:13:     dreamdust_experimentation, layout_layer_cave, minmay_misc_feat_rows
D:14:     layout_basic, david_vaults_1
D:15:     hangedman_depths_entry_civil_slaughter, layout_loops_corners,
          minivault_15, grunt_dithmenos_shadows
Lair:1:   layout_roguey, chequers_serial_rivers_small_3
Lair:2:   layout_chaotic_city, nicolae_spider_entry_non_spiders, minivault_27,
          grunt_megastairs_4, infiniplex_staircase_pool_2, serial_bayou_shore_b
Lair:3:   layout_misc_corridors, minmay_shoals_entry_lonely_mermaid
Lair:4:   layout_regular_city, minmay_slime_entry_pillars,
          cheibrodos_lair_reptile_den
Lair:5:   due_jungle_book, layout_small_grid, grunt_megastairs_2,
          serial_bayou_shore_b, lemuel_fruit_fields, uniq_rupert
Shoals:1: layout_shoals, portal_ice_cave_entry_pillars_three,
          nicolae_take_the_stairs, nicolae_shoals_beach_cooler
Shoals:2: layout_shoals, serial_shops, bzr_entry_lakeside,
          nicolae_shop_back_alley_shop, shop, shop, shop
Shoals:3: layout_shoals, hangedman_shoals_cup_caves, uniq_polyphemus
Shoals:4: shoals_end_grunt_ice, layout_shoals, nicolae_shoals_water_booths
Spider:1: layout_spider_delve
Spider:2: layout_chambers
Spider:3: layout_spider_delve, nicolae_spider_nook
Spider:4: grunt_spider_rune_island
Orc:1:    layout_diamond_mine, nicolae_shop_gadgets
Orc:2:    st_orc_open, layout_caves

Skill      XL: |  1  2  3  4  5  6  7  8  9 10 11 12 13 14 15 16 17 18 |
---------------+-------------------------------------------------------+-----
Fighting       | 2 3 5 7 9 10 11 13 16 18 19 21 | 21.3
Unarmed Combat | 4 5 7 10 13 14 15 17 18 19 21 22 24 | 24.1
Shapeshifting  | 6 9 10 19 | 19.0
Dodging        | 11 | 11.5

Action                     |  1- 3 |  4- 6 |  7- 9 | 10-12 | 13-15 | 16-18 || total
---------------------------+-------+-------+-------+-------+-------+-------++-------
  Melee: Unarmed           |    91 |   144 |   182 |   359 |   915 |  1042 ||  2733
         Punch             |     1 |     5 |     1 |       |       |       ||     7
         Constrict         |       |       |    33 |    79 |   167 |   267 ||   546
  Throw: Dart              |       |       |     4 |       |       |       ||     4
 Invoke: Call Merchant     |       |       |       |     2 |     3 |     2 ||     7
  Evoke: Wand              |       |       |     1 |    13 |    15 |    13 ||    42
         Lightning rod     |       |       |       |       |     5 |       ||     5
    Use: Scroll            |       |     5 |     8 |    10 |     9 |    10 ||    42
         Potion            |       |     1 |     1 |     3 |     1 |     3 ||     9
   Stab: Sleeping          |     1 |       |     3 |       |       |       ||     4
         Distracted        |       |       |     1 |     3 |     9 |    14 ||    27
         Fleeing           |       |       |       |       |       |     1 ||     1
         Petrified         |       |       |       |       |       |     3 ||     3
 Armour: Animal skin       |    17 |       |       |       |       |       ||    17
         Scale mail        |    27 |    49 |       |       |       |       ||    76
         Shadow dragon sca |       |    27 |    29 |       |       |       ||    56
         Skin              |       |    12 |   105 |   237 |   464 |   824 ||  1642
  Dodge: Dodged            |    49 |    54 |    75 |   173 |   439 |   601 ||  1391
  Block: Other             |       |    16 |       |       |       |       ||    16
   Form: Anaconda          |       |       |     2 |       |       |       ||     2
                           |       |       |     1 |       |       |       ||     1

Table legend: (Time is in decaauts)
 A = Elapsed time spent in this place.
 B = Non-inter-level travel time spent in this place.
 C = Inter-level travel time spent in this place.
 D = Time resting spent in this place.
 E = Time spent auto-exploring this place.
 F = Levels seen in this place.
 G = Mean time per level.
                   A        B        C        D        E       F      G
               +--------+--------+--------+--------+--------+-----+--------+
         Total |  26588 |  24314 |   2274 |   1002 |  18112 |  32 |  830.9 |
       Dungeon |  12018 |  11355 |    663 |    319 |   8773 |  15 |  801.2 |
          Lair |   4444 |   4088 |    356 |     60 |   3293 |   5 |  888.8 |
        Shoals |   3568 |   2608 |    960 |    464 |   1454 |   4 |  892.0 |
   Spider Nest |   4587 |   4373 |    214 |     91 |   3339 |   4 | 1146.8 |
  Orcish Mines |   1432 |   1353 |     79 |     38 |    964 |   2 |  716.0 |
        Bazaar |     92 |     92 |      0 |      0 |     82 |   1 |   92.0 |
        Bailey |    444 |    444 |      0 |     30 |    207 |   1 |  444.0 |
               +--------+--------+--------+--------+--------+-----+--------+

Top non-repeatable levels by time:
  Lair:5: 1565 daAuts
Spider:2: 1528 daAuts
Shoals:3: 1408 daAuts
     D:7: 1364 daAuts
Spider:3: 1247 daAuts
    D:15: 1086 daAuts
Spider:4: 1086 daAuts
     D:2: 1015 daAuts
   Orc:2: 966 daAuts
Shoals:2: 938 daAuts
    D:11: 884 daAuts
    D:12: 853 daAuts
    D:10: 847 daAuts
  Lair:2: 844 daAuts
    D:13: 826 daAuts
